 Dungeon Crawl Stone Soup version 0.24.0-123-gd5b16e6ec5 (webtiles) character file.

Game seed: 4111185436424733666, levelgen mode: deterministic

1775 Curus the Basher (level 8, -4/64 HPs)
             Began as a Minotaur Abyssal Knight on Feb 1, 2020.
             Was an Elder of Lugonu.
             Slain by an orc warrior
             ... wielding a +0 halberd
              (8 damage)
             ... on level 7 of the Dungeon on Feb 2, 2020.
             The game lasted 00:31:40 (5726 turns).

Curus the Basher (Minotaur Abyssal Knight)          Turns: 5726, Time: 00:31:40

Health: -4/64      AC:  9    Str: 16    XL:     8   Next: 80%
Magic:  13/13      EV:  9    Int:  9    God:    Lugonu [****..]
Gold:   59         SH:  0    Dex: 16    Spells: 7/7 levels left

rFire    . . .     SeeInvis .   s - +3 morningstar (flame)
rCold    . . .     Gourm    .   (no shield)
rNeg     . . .     Faith    .   u - +0 chain mail
rPois    .         Spirit   .   (helmet restricted)
rElec    .         Reflect  .   w - +0 cloak
rCorr    .         Harm     .   (no gloves)
MR       .....                  d - +2 pair of boots
Stlth    ..........             t - amulet of rage
HPRegen  0.20/turn              h - +3 ring of dexterity
MPRegen  0.13/turn              n - ring of flight

@: no status effects
A: retaliatory headbutt, hooves 1, horns 2, repulsion field 1, deformed body
a: Depart the Abyss, Bend Space, Banish, Corrupt, Renounce Religion, Evoke
Berserk Rage, Evoke Flight


You were on level 7 of the Dungeon.
You worshipped Lugonu.
Lugonu was greatly pleased with you.
You were not hungry.

You visited 1 branch of the dungeon, and saw 7 of its levels.
You visited the Abyss 1 time.

You collected 262 gold pieces.
You spent 203 gold pieces at shops.

Inventory:

Hand Weapons
 a - a +1 mace
 o - a +0 flail
 s - a +3 morningstar of flaming (weapon)
 v - a -3 eveningstar
Armour
 b - a +1 leather armour
 d - a +2 pair of boots (worn)
 f - a +0 ring mail
 r - a +0 scale mail
 u - a +0 chain mail (worn)
 w - a +0 cloak (worn)
Jewellery
 h - a +3 ring of dexterity (left hand)
 n - a ring of flight (right hand)
 t - an amulet of rage (around neck)
 A - a -2 ring of protection
Wands
 j - a wand of random effects (2)
 z - a wand of disintegration (14)
Scrolls
 e - 3 scrolls of remove curse
 g - 7 scrolls of identify
 k - 2 scrolls of fog
 l - a scroll of fear
 m - 4 scrolls of teleportation
 q - a scroll of blinking
 x - a scroll of amnesia
 y - a scroll of enchant armour
Potions
 i - 5 potions of curing
 p - a potion of invisibility
 B - a potion of might
Comestibles
 c - 16 rations


   Skills:
 - Level 3.6 Fighting
 * Level 10.0 Maces & Flails
 - Level 2.4 Armour
 - Level 1.1 Dodging
 + Level 8.2 Invocations


You had 7 spell levels left.
You didn't know any spells.
Your spell library was empty.

Dungeon Overview and Level Annotations

Branches:
Dungeon (7/15)             Temple (0/1) D:4

Altars:
Fedhas
Hepliaklqana
Nemelex Xobeh
Okawaru
Sif Muna
Uskayaw
Wu Jian
Yredelemnul

Shops:
D:4 *


Innate Abilities, Weirdness & Mutations

You reflexively headbutt those who attack you in melee.
You have a pair of horns on your head.
You have large cloven feet.
You are surrounded by a mild repulsion field. (EV +2)
Armour fits poorly on your strangely shaped body.


Message History

The orc priest hits you but does no damage.
The orc warrior hits you from afar with a +0 halberd!
You hit the orc priest. You burn the orc priest.
The orc priest is heavily wounded.
The orc priest mumbles some strange prayers to Beogh against you.
Pain shoots through your body!
The orc warrior hits you from afar with a +0 halberd!
* * * LOW HITPOINT WARNING * * *
The orc priest hits you but does no damage.
The orc priest mumbles some strange prayers to Beogh against you.
Beogh smites you!
* * * LOW HITPOINT WARNING * * *
The orc warrior barely misses you.
You closely miss the orc priest. Your headbutt misses the orc priest.
The orc priest is heavily wounded.
You hit the orc priest but do no damage.
You headbutt the orc priest, but do no damage.
The orc priest is heavily wounded.
The orc warrior hits you from afar with a +0 halberd!
You die...

. . .#. ..# #.# #o. #o#
##o###.#.#....###
#.####...##.#........#.
......._o@.............
###.##...####........... .
# ##.## #.......... .
#.###.# #.........# .
#.....# #.........# #
.#####.#####.........# #
.......................###
...##########...#...##...#
.....####)))..#..## #.#


You could see an orc warrior, an orc priest and an orc.

Vanquished Creatures
  Grinder (D:6)
  2 ice beasts
  An ogre (D:4)
  2 sky beasts (D:6)
  2 phantoms
  2 centaurs
  4 scorpions
  A crimson imp (D:6)
  2 jellies
  A hound (D:5)
  An orc priest (D:5)
  An orc wizard (D:5)
  A bullfrog skeleton (D:4)
  A centaur skeleton (D:3)
  A hound zombie (D:7)
  A worker ant zombie (D:6)
  5 adders
  14 gnolls
  An ooze (D:6)
  An adder skeleton (D:6)
  2 worms
  2 dart slugs
  4 leopard geckos
  14 orcs
  7 bats
  7 giant cockroaches
  9 goblins
  10 hobgoblins
  15 jackals
  7 quokkas
  4 ball pythons
  8 frilled lizards
  7 kobolds
  11 rats
152 creatures vanquished.

Vanquished Creatures (others)
  4 fungi (D:5)
  4 plants (D:5)
  12 toadstools (D:7)
20 creatures vanquished.

Grand Total: 172 creatures vanquished

Notes
Turn   | Place    | Note
-------+----------+-------------------------------------------
     0 | Abyss:1  | Curus the Minotaur Abyssal Knight began the quest for the
                  | Orb.
     0 | Abyss:1  | Reached XP level 1. HP: 19/19 MP: 1/1
   100 | Abyss:1  | Noticed an eye of draining
   100 | Abyss:1  | Noticed a quasit
   100 | D:1      | Escaped the Abyss
   155 | D:1      | Reached * piety under Lugonu
   170 | D:1      | Reached XP level 2. HP: 15/26 MP: 2/2
   187 | D:1      | Reached skill level 3 in Maces & Flails
   548 | D:1      | Reached XP level 3. HP: 25/31 MP: 4/4
  1247 | D:2      | Reached skill level 4 in Maces & Flails
  1250 | D:2      | Reached ** piety under Lugonu
  1277 | D:2      | Reached XP level 4. HP: 33/39 MP: 5/5
  1293 | D:2      | Found a blossoming altar of Fedhas.
  1683 | D:3      | Found a faded altar of an unknown god.
  1744 | D:3      | Reached XP level 5. HP: 42/45 MP: 6/6
  2124 | D:4      | Found a staircase to the Ecumenical Temple.
  2129 | D:4      | Reached skill level 5 in Maces & Flails
  2228 | D:4      | Found a blossoming altar of Fedhas.
  2242 | D:4      | Noticed an ogre
  2256 | D:4      | Killed an ogre
  2256 | D:4      | Reached XP level 6. HP: 16/51 MP: 8/8
  2270 | D:4      | HP: 1/51 [orc/+0 hand axe of electrocution (12)]
  2715 | D:4      | Noticed an ice beast
  2727 | D:4      | Killed an ice beast
  2727 | D:4      | Reached skill level 6 in Maces & Flails
  2727 | D:4      | Reached skill level 5 in Invocations
  2921 | D:4      | Found Lootem's Assorted Antiques.
  3115 | D:4      | Found an iron altar of Okawaru.
  3132 | D:4      | Reached *** piety under Lugonu
  3273 | D:5      | Entered Level 5 of the Dungeon
  3274 | D:5      | Noticed an ice beast
  3287 | D:5      | Killed an ice beast
  3287 | D:5      | Reached XP level 7. HP: 6/57 MP: 8/10
  3526 | D:5      | Found a basalt altar of Yredelemnul.
  3537 | D:5      | Reached skill level 7 in Maces & Flails
  4492 | D:4      | Bought a glowing morningstar for 203 gold pieces
  4788 | D:6      | Reached skill level 8 in Maces & Flails
  4878 | D:6      | Found a shimmering blue altar of Sif Muna.
  4880 | D:6      | Found an ornate altar of the Wu Jian Council.
  4970 | D:6      | Reached XP level 8. HP: 64/64 MP: 12/12
  5080 | D:6      | Found a hide-covered altar of Uskayaw.
  5080 | D:6      | Noticed Grinder
  5230 | D:6      | Reached skill level 9 in Maces & Flails
  5230 | D:6      | Paralysed by Grinder for 6 turns
  5240 | D:6      | Killed Grinder
  5270 | D:6      | Gained mutation: You are agile. (Dex +2) [potion of
                  | mutation]
  5270 | D:6      | Gained mutation: Armour fits poorly on your strangely
                  | shaped body. [potion of mutation]
  5270 | D:6      | Gained mutation: You are very agile. (Dex +4) [potion of
                  | mutation]
  5279 | D:6      | Found a sparkling altar of Nemelex Xobeh.
  5621 | D:6      | Lost mutation: You are very agile. (Dex +4) [potion of
                  | mutation]
  5621 | D:6      | Lost mutation: You are agile. (Dex +2) [potion of mutation]
  5621 | D:6      | Gained mutation: You are surrounded by a mild repulsion
                  | field. (EV +2) [potion of mutation]
  5621 | D:6      | Gained mutation: You have large cloven feet. [potion of
                  | mutation]
  5629 | D:7      | Reached **** piety under Lugonu
  5701 | D:7      | Found a hazy altar of Hepliaklqana.
  5719 | D:7      | Reached skill level 10 in Maces & Flails
  5726 | D:7      | Slain by an orc warrior

Levels and vault maps discovered:
D:1:      dpeg_arrival_simpleton_b, layout_basic
D:2:      layout_basic, first_ration, fedhas_altar_fruit_tree
D:3:      layout_basic, chequers_ecumenical_altar_simple_redux,
          minmay_pentomino_pile
D:4:      layout_loops_cross, old_standard_altar,
          minmay_temple_entry_stoned_glass, serial_shops,
          nicolae_shop_overgrown_old_shop, hangedman_decor_peaks_small,
          okawaru_altar_gauntlet_db
D:5:      old_forge, layout_gridville, overflow_temple_1_default
D:6:      layout_rooms, grunt_temple_overflow_open,
          eat_drink_and_be_merry_uskayaw, nemelex_xobeh_ov_fountains_minmay,
          uniq_grinder
D:7:      cheibrodos_fertilizer, layout_rooms, nicolae_overflow_crystal_walls,
          chequers_arboretum, uniq_prince_ribbit1

Skill      XL: |  1  2  3  4  5  6  7  8 |
---------------+-------------------------+-----
Invocations    | 2 3 4 5 6 8 |  8.2
Maces & Flails | 3 4 5 6 8 10 | 10.0
Fighting       | |  3.6
Armour         | |  2.4
Dodging        | |  1.1

Action                   |  1- 3 |  4- 6 |  7- 9 || total
-------------------------+-------+-------+-------++-------
Melee: Mace              |    96 |    51 |       ||   147
       Headbutt          |     9 |    28 |    31 ||    68
       Flail             |       |    85 |    80 ||   165
       Morningstar       |       |       |    90 ||    90
Invok: Depart the Abyss  |     1 |       |       ||     1
Evoke: Wand              |       |     1 |       ||     1
  Use: Scroll            |     6 |     6 |     2 ||    14
       Potion            |     3 |     3 |     6 ||    12
 Stab: Invisible         |     1 |       |       ||     1
       Held in net/web   |       |       |     1 ||     1
  Eat: Chunk             |     1 |     7 |     5 ||    13
       Ration            |       |       |     1 ||     1
Armor: Leather armour    |     5 |       |       ||     5
       Ring mail         |    48 |    21 |       ||    69
       Scale mail        |       |    32 |     3 ||    35
       Chain mail        |       |       |    94 ||    94
Dodge: Dodged            |    66 |    93 |    48 ||   207
